Map: Acropolis LE

Players

LazZzyBoy - Winner!

  • Race: Terran Terran
  • League: Master
  • Spawn Location: 11:00

Mez

  • Race: Terran Terran
  • League: Master
  • Spawn Location: 5:00

VOD

Have the link to the VOD?

Description

Time

  • Played on: Sept. 2, 2019, 7:48 a.m.
  • Length: 11:02
Show
View Real Time Build Order
Export as new Build Order

LazZzyBoy Terran - Winner!

Build Orders: Reaper Expand 

Get SALT Encoding   

  12  0:01  SCV  
  13  0:13  SCV  
  14  0:17  Supply Depot  
  14  0:25  SCV  
  15  0:38  SCV  
  15  0:40  Barracks  
  16  0:44  Refinery  
  16  0:51  SCV  
  17  1:08  SCV  
  18  1:20  SCV  
  19  1:30  Reaper  
  19  1:32  Orbital Command  
  20  1:40  Command Center  
  20  1:58  SCV  
  21  2:07  Supply Depot  
  21  2:10  Marine, SCV  
  23  2:27  Factory  
  23  2:28  SCV  
  24  2:32  Refinery  
  24  2:33  Barracks Reactor  
  24  2:42  SCV  
  24  2:54  SCV  
  25  3:00  Orbital Command  
  25  3:09  SCV  
  26  3:15  Starport  
  26  3:18  Hellion x2, Barracks Tech Lab  
  30  3:21  SCV  
  30  3:26  SCV  
  32  3:36  SCV  
  32  3:39  SCV, Hellion  
  32  3:40  Hellion  
  38  3:42  Marauder, Concussive Shells  
  38  3:48  Supply Depot  
  40  3:52  Medivac  
  42  3:59  SCV x2  
  46  4:03  Hellion  
  50  4:10  Hellion, Marauder, Supply Depot  
  50  4:11  SCV  
  50  4:13  SCV  
  52  4:23  Command Center, SCV  
  53  4:25  SCV  
  53  4:28  Starport Reactor, Stimpack  
  52  4:35  SCV  
  42  4:58  SCV  
  43  5:00  Barracks  
  43  5:01  Barracks  
  43  5:02  Factory Tech Lab  
  43  5:05  SCV  
  44  5:09  Supply Depot, Refinery  
  44  5:10  SCV, Refinery, Engineering Bay x2  
  45  5:17  Marine, Starport Reactor, SCV  
  47  5:21  Siege Tank  
  47  5:27  SCV  
  51  5:31  Supply Depot  
  51  5:35  Marine  
  51  5:36  Orbital Command  
  51  5:38  Terran Infantry Weapons Level 1  
  51  5:39  Terran Infantry Armor Level 1  
  51  5:40  SCV  
  51  5:41  SCV  
  54  5:50  Marine x2  
  54  5:52  SCV  
  54  5:53  Marine  
  54  5:56  Medivac x2  
  62  6:03  Marine  
  62  6:04  Marine  
  63  6:05  SCV  
  63  6:08  Marine, Combat Shield  
  65  6:24  SCV  
  66  6:28  Marine x2, SCV  
  66  6:29  Marine  
  66  6:30  Siege Tank, Medivac x2  
  79  6:35  Marine  
  79  6:36  SCV  
  79  6:38  Marine  
  80  6:44  Barracks  
  80  6:45  Barracks  
  80  6:46  Marine x2, SCV, Orbital Command  
  83  6:48  SCV  
  83  6:49  Supply Depot  
  83  6:51  Marine  
  83  6:53  Marine, Barracks, Armory  
  86  6:57  Marine  
  87  7:01  SCV  
  87  7:04  Marine x2  
  87  7:08  Siege Tank  
  93  7:10  Marine  
  93  7:11  Marine, Supply Depot  
  93  7:14  SCV  
  96  7:19  Marine  
  96  7:20  Sensor Tower  
  97  7:31  Marine x2  
  97  7:32  Marine x2, Barracks Reactor  
  97  7:33  Barracks Reactor  
  97  7:34  SCV x2  
  103  7:40  Terran Infantry Armor Level 2, Terran Infantry Weapons Level 2  
  103  7:42  SCV, Barracks Reactor  
  95  8:02  Marine x5  
  87  8:15  Marine  
  87  8:16  Marine x3  
  87  8:19  SCV x3  
  94  8:20  Marine x5  
  94  8:21  Refinery  
  94  8:22  Marine  
  94  8:23  Marine  
  94  8:24  Siege Tank, Medivac x2  
  94  8:25  Command Center  
  108  8:31  SCV  
  109  8:42  Supply Depot  
  109  8:44  Supply Depot  
  109  8:46  Marine x6, SCV x2  
  117  9:03  Marine x5, SCV, Medivac  
  117  9:05  Marine x6  
  117  9:06  Medivac  
  117  9:07  Supply Depot  
  133  9:29  Marine x2, Siege Tank  
  138  9:35  Marine  
  138  9:36  Marine x3  
  138  9:37  Marine x4, Marauder  
  148  9:40  Supply Depot  
  148  9:46  Marine x2, Refinery  
  150  9:53  Marine x2  
  150  9:54  Marine x4  
  150  9:58  Marine x2, Marauder  
  153  10:04  Marine x2  
  141  10:11  Marine x3, SCV x2  
  141  10:12  Marine x3  
  141  10:13  Planetary Fortress  
  142  10:15  Marine  
  142  10:16  Marine  
  142  10:19  Marine  
  145  10:22  Marine x2  
  145  10:27  Factory  
  147  10:29  Marine x3  
  147  10:30  Marine x3  
  147  10:33  Marine, SCV  
  147  10:34  Marine  
  156  10:37  Marine  
  156  10:40  Marine x2  
Show
View Real Time Build Order
Export as new Build Order

Mez Terran 

Build Orders: Gas First Reaper Expand, Hellion Opening 

Get SALT Encoding   

  12  0:00  SCV  
  13  0:12  SCV  
  14  0:17  Supply Depot  
  14  0:25  SCV  
  14  0:28  Refinery  
  15  0:38  SCV  
  16  0:45  Barracks  
  16  0:51  SCV  
  17  1:03  SCV  
  18  1:15  SCV  
  19  1:33  Orbital Command, Reaper  
  20  1:45  Command Center  
  20  2:01  Factory  
  20  2:04  SCV  
  20  2:06  Barracks Reactor  
  21  2:15  Supply Depot  
  20  2:16  SCV  
  20  2:22  Refinery  
  21  2:28  SCV  
  21  2:47  Starport  
  21  2:52  Hellion x2  
  21  2:53  Barracks Tech Lab  
  26  2:59  Orbital Command  
  25  3:12  Marauder  
  27  3:15  Hellion x2  
  27  3:19  Concussive Shells  
  31  3:25  Medivac  
  37  3:34  Marauder  
  37  3:39  Hellion x2  
  39  3:45  SCV x2  
  41  3:50  Supply Depot  
  41  4:07  SCV x2  
  43  4:12  Marine x2, Factory Tech Lab  
  43  4:14  Supply Depot  
  43  4:15  Raven  
  47  4:19  SCV x2  
  35  4:51  Cyclone  
  38  4:53  SCV x2  
  38  4:59  Command Center  
  40  5:06  SCV x2  
  40  5:07  Starport Reactor  
  40  5:08  Barracks x2  
  40  5:10  Marine  
  40  5:12  Stimpack  
  41  5:18  SCV x2  
  41  5:20  Refinery  
  43  5:28  Siege Tank  
  46  5:30  SCV x2  
  46  5:32  Marine  
  49  5:39  Engineering Bay  
  49  5:40  Supply Depot  
  49  5:42  SCV  
  49  5:43  SCV  
  51  5:54  Starport Reactor  
  51  5:55  SCV x2  
  53  6:03  Siege Tank  
  56  6:05  Marine  
  56  6:06  Marine  
  56  6:07  SCV x2  
  56  6:08  Supply Depot  
  56  6:10  Marine  
  56  6:11  Marine x2  
  63  6:12  Refinery  
  63  6:16  Orbital Command  
  63  6:19  SCV x2  
  63  6:23  Marine x2  
  64  6:28  Marine  
  64  6:31  Terran Infantry Weapons Level 1  
  64  6:32  Medivac x2  
  69  6:34  Marine x2  
  69  6:38  SCV  
  69  6:39  SCV  
  73  6:40  Siege Tank  
  73  6:41  Marine  
  73  6:46  Supply Depot  
  77  6:50  Orbital Command  
  77  6:51  Supply Depot  
  77  6:52  Marine x3  
  77  6:53  Marine  
  77  6:54  Combat Shield  
  81  7:00  SCV  
  81  7:01  SCV  
  83  7:07  Marine  
  84  7:10  Marine  
  84  7:12  Marine, SCV  
  84  7:13  Marine x2  
  84  7:15  SCV  
  90  7:17  SCV  
  90  7:18  Supply Depot  
  90  7:21  Supply Depot  
  94  7:22  Siege Tank  
  94  7:24  Marine  
  94  7:25  SCV, Medivac x2  
  94  7:27  Marine  
  94  7:28  SCV  
  94  7:29  SCV  
  103  7:34  Refinery  
  103  7:38  Marine x3  
  103  7:43  Barracks  
  106  7:45  Barracks  
  92  8:03  Marine x5  
  92  8:12  SCV  
  93  8:13  SCV x2  
  95  8:21  Marine x5, Siege Tank  
  95  8:22  Medivac x2  
  95  8:24  SCV  
  108  8:27  SCV  
  108  8:28  SCV  
  108  8:31  Factory  
  108  8:32  Refinery  
  110  8:36  Command Center  
  110  8:37  SCV  
  110  8:40  SCV  
  112  8:43  Marine x2  
  112  8:44  Marine, Barracks Reactor  
  112  8:45  Barracks Reactor  
  115  8:50  Missile Turret  
  115  8:52  Missile Turret  
  115  8:54  Missile Turret  
  115  8:59  SCV x2  
  115  9:00  SCV  
  115  9:01  Marine x4  
  122  9:04  Terran Infantry Armor Level 1  
  121  9:10  Armory  
  121  9:11  SCV x2  
  121  9:14  Engineering Bay  
  123  9:19  Marine x2  
  123  9:22  Factory Tech Lab  
  125  9:38  Marine  
  125  9:56  Marine, SCV x2  
  125  9:58  Marine  
  125  9:59  Marine  
  125  10:02  Marine x3  
  125  10:06  Marine x2  
  125  10:08  Marine  
  125  10:09  Siege Tank  
  125  10:13  Supply Depot  
  125  10:14  Supply Depot  
  125  10:16  Supply Depot  
  125  10:18  Supply Depot  
  125  10:20  Marine x6, Siege Tank, SCV x2, Medivac x2  
  140  10:23  Marine  
  140  10:26  Marine x2  
  143  10:33  Missile Turret  
  143  10:38  Marine x6  
  143  10:41  Marine  
  143  10:42  Barracks x2  
  144  10:44  Marine, Barracks  
Tags
 
Add a new tag
Caveats
  • Supply blocks, unpowered buildings, or Contaminate may cause inaccurate times.
  • Supply counts are checked every 10 seconds.